cohdb
Replays
Latest Replays
All Replays
Popular Replays
Top Player Replays
Match Explorer
How It Works
Community
CoH3 Stats
Reddit
Sign in to upload your games and track your stats! →
Sign in with Steam
Match 47739502
Unlisted
Match 47739502
Overview
Messages
Build Orders
End
Selects Luftwaffe Battlegroup
Selects Luftwaffe Pioneer Support
Fallschirmpioneer Squad Paradrop
Fallschirmpioneer Squad Paradrop
Construct Infanterie Kompanie
GrW 34 Mortar Team
Construct Panzergrenadier Kompanie
Selects Reconnaissance Run
251 Medium Carrier
Selects Fallschirmjäger Squad Paradrop
Fallschirmjäger Squad Paradrop
Pak 40 Anti-tank Gun Team
Fallschirmjäger Squad Paradrop
MG 42 Machine Gun Team
Construct Panzer Kompanie
Panzer IV Medium Tank
Scat
margnus17
heer kaiser
Durth Sheetius
[BLSP]Campari_Kurita
[PD] PragerSchinken
JVM
topfi83
0
0
Comments
sign in to comment!
No comments posted yet!